 Dungeon Crawl Stone Soup version 0.29.0-5-ge4962eb29e (webtiles) character file.

Game seed: 7229905471531937168

12 NinjaNoafa the Vexing (level 2, -1/9 (16) HPs)
             Began as a Kobold Arcane Marksman on Aug 29, 2022.
             Frozen to death by an endoplasm (3 damage)
             ... on level 1 of the Dungeon.
             The game lasted 00:02:08 (322 turns).

NinjaNoafa the Vexing (Kobold Arcane Marksman)       Turns: 322, Time: 00:02:08

HP:   -1/9 (16)     AC:  2    Str:  7    XL:     2   Next: 45%
MP:   4/4           EV: 15    Int: 14    God:
Gold: 15            SH:  0    Dex: 15    Spells: 3/4 levels left

rFire   . . .      SeeInvis .   a - +1 sling
rCold   . . .      Faith    .   (no shield)
rNeg    . . .      Spirit   .   c - +0 robe
rPois   .          Reflect  .   (no helmet)
rElec   .          Harm     .   e - scarf {+Inv}
rCorr   .          Rampage  .   (no gloves)
Will    .....                   (no boots)
Stlth   ++........              (no amulet)
HPRegen 0.03/turn               (no ring)
MPRegen 0.09/turn               (no ring)

@: very heavily drained
A: small, no large weapons, nightstalker 3
a: Evoke Invisibility


You were on level 1 of the Dungeon.
You visited 1 branch of the dungeon, and saw 1 of its levels.

You collected 15 gold pieces.

Inventory:

Hand Weapons
 a - a +1 sling (weapon)
Missiles
 f - 7 stones
Armour
 c - a +0 robe (worn)
 e - a scarf of invisibility (worn)
Scrolls
 b - a scroll of poison
Potions
 d - a potion of ambrosia {unknown}


   Skills:
 - Level 1.1 Fighting
 - Level 2.6 Ranged Weapons
 - Level 2.4 Dodging
 + Level 1.8 Spellcasting
 + Level 3.3 Hexes


You had 3 spell levels left.
You knew the following spells:

 Your Spells              Type           Power      Damage    Failure   Level
a - Slow                  Hex            40%        N/A       6%          1

Your spell library contained the following spells:

 Spells                   Type           Power      Damage    Failure   Level
 Sublimation of Blood     Necr           1%         N/A       36%         2
 Wereblood                Tmut           1%         N/A       36%         2
 Inner Flame              Hex/Fire       6%         N/A       36%         3
 Portal Projectile        Hex/Tloc       12%        N/A       36%         3
 Cause Fear               Hex            5%         N/A       52%         4
 Summon Hydra             Summ           0%         N/A       100%        7


Dungeon Overview and Level Annotations

Branches:
Dungeon (1/15)

Altars:

Shops:
D:1 [


Innate Abilities, Weirdness & Mutations

You are small and have problems with some larger weapons.
You are completely attuned to the shadows.


Message History

Magic restored.
You start waiting.
Your magical contamination has completely faded away.
You see here a +0 dagger.
Found a short sword.
A kobold comes into view. It is wielding a +0 whip.
You shoot a sling bullet. The sling bullet hits the kobold.
The kobold is moderately wounded.
The kobold throws a stone.
The stone hits you.
You shoot a sling bullet.
The sling bullet barely misses the kobold.
The kobold throws a stone.
The stone completely misses you.
An endoplasm comes into view.
You shoot a sling bullet.
The sling bullet completely misses the kobold.
You shoot a sling bullet.
The sling bullet barely misses the kobold.
The endoplasm jiggles.
The kobold throws a stone.
The stone closely misses you.
You shoot a sling bullet.
The sling bullet barely misses the endoplasm.
The endoplasm hits you.
You are too injured to fight recklessly!
Fire: a) +1 sling
Press: ? - help, Q - select action, (/) - cycle Shift-Dir - straight line, f/p - endoplasm
Aim: an endoplasm (85% to hit)
You shoot a sling bullet. The sling bullet hits the endoplasm.
The endoplasm is almost dead.
The endoplasm closely misses you. The kobold misses you.
Fire: a) +1 sling
Press: ? - help, Q - select action, (/) - cycle Shift-Dir - straight line, f/p - endoplasm
Aim: an endoplasm (almost dead, 85% to hit)
You shoot a sling bullet.
The sling bullet hits the endoplasm but does no damage.
The endoplasm is almost dead.
The kobold hits you with a +0 whip.
* * * LOW HITPOINT WARNING * * *
The endoplasm freezes you.
You are frozen.
You die...

#.......
########.......
#..............
#......)..J....
#.........@K.$.
#######..#.####......
#........#.# ##.....
#........#.# #.####
#.....)....# #.#
#...)....... .#
..........#.
..†.......#
#.........#


You could see an endoplasm and a kobold.

Vanquished Creatures
  2 ball pythons (D:1)
  A giant cockroach (D:1)
  2 goblins (D:1)
  2 quokkas (D:1)
  2 bats (D:1)
  A frilled lizard (D:1)
10 creatures vanquished.

Vanquished Creatures (others)
  4 toadstools (D:1)
4 creatures vanquished.

Grand Total: 14 creatures vanquished

Notes
Turn   | Place    | Note
-------+----------+-------------------------------------------
     0 | D:1      | NinjaNoafa the Kobold Arcane Marksman began the quest for
                  | the Orb.
     0 | D:1      | Reached XP level 1. HP: 12/12 MP: 2/2
    66 | D:1      | Found Xuuc's Armour Emporium.
   208 | D:1      | Reached XP level 2. HP: 16/16 MP: 4/4
   322 | D:1      | Frozen to death by an endoplasm

Illustrated notes

Levels and vault maps discovered:
D:1:      ldierk_walled_garden_2, layout_rooms, serial_shops,
          nicolae_shop_hallway_plus, minmay_cupped

Action                   || total
-------------------------++-------
 Fire: Sling             ||    32
 Cast: Slow              ||     2
 Abil: Evoke Invisibilit ||     1
Armor: Robe              ||     4
Dodge: Dodged            ||    22
